 Dungeon Crawl Stone Soup version 0.26.1-2-gb8aa6d0cf2 (webtiles) character file.

Game seed: 11834534670409239836

8771 Amaterasu the Carver (level 11, 0/86 HPs)
             Began as a Demonspawn Gladiator on Feb 15, 2021.
             Was an Initiate of Gozag.
             Killed by vampiric draining
             ... invoked by a vampire mage
              (12 damage)
             ... on level 10 of the Dungeon.
             The game lasted 00:21:54 (13900 turns).

Amaterasu the Carver (Demonspawn Gladiator)        Turns: 13900, Time: 00:21:55

Health: 0/86       AC: 12    Str: 18    XL:     11   Next: 14%
Magic:  11/11      EV:  8    Int: 10    God:    Gozag
Gold:   1766       SH: 23    Dex: 14    Spells: 10/10 levels left

rFire    . . .     SeeInvis .   a - +1 long sword
rCold    + . .     Faith    .   q - +2 kite shield {reflect}
rNeg     . . .     Spirit   .   m - +1 chain mail (curse)
rPois    .         Reflect  +   (helmet unavailable)
rElec    .         Harm     .   f - +0 cloak
rCorr    .         Rampage  .   (no gloves)
Will     +....                  (no boots)
Stlth    ..........             n - amulet of reflection
HPRegen  0.24/turn              x - ring of willpower
MPRegen  0.12/turn              (no ring)

@: no status effects
A: horns 3, large bone plates 2, cold resistance 1, freezing cloud immunity
a: Renounce Religion, Potion Petition, Call Merchant, Bribe Branch


You were on level 10 of the Dungeon.
You worshipped Gozag.
Gozag was most pleased with you.
You visited 2 branches of the dungeon, and saw 11 of its levels.

You collected 1906 gold pieces.
You paid 140 gold pieces to Gozag.

Inventory:

Hand Weapons
 a - a +1 long sword (weapon)
Missiles
 d - 5 throwing nets (quivered)
Armour
 f - a +0 cloak (worn)
 m - a cursed +1 chain mail (worn)
 q - a +2 kite shield of reflection (worn)
Jewellery
 n - an amulet of reflection (around neck)
 x - a ring of willpower (left hand)
 B - an uncursed ring of wizardry
Wands
 b - a wand of enslavement (4)
 e - a wand of iceblast (14)
 r - a wand of digging (6)
 t - a wand of polymorph (32)
Scrolls
 c - 2 scrolls of amnesia
 i - 7 scrolls of remove curse
 l - 3 scrolls of fear
 o - 7 scrolls of identify
 s - 3 scrolls of teleportation
 u - 3 scrolls of magic mapping
 w - 2 scrolls of immolation
 y - a scroll of enchant weapon
 D - a scroll of torment {unknown}
Potions
 g - 4 potions of flight
 h - 4 potions of heal wounds
 j - a potion of cancellation
 k - a potion of haste
 p - 5 potions of curing
 v - a potion of brilliance
 z - a potion of attraction
 C - a potion of might
Miscellaneous
 A - a phial of floods


   Skills:
 - Level 8.0 Fighting
 - Level 10.0 Long Blades
 - Level 1.7 Throwing
 * Level 5.3 Armour
 * Level 4.7 Dodging
 * Level 6.7 Shields
 * Level 5.0 Evocations


You had 10 spell levels left.
You didn't know any spells.
Your spell library contained the following spells:

 Spells                   Type           Power        Failure   Level
 Animate Skeleton         Necr           0%           100%        1
 Apportation              Tloc           0%           100%        1
 Corona                   Hex            0%           100%        1
 Freeze                   Ice            0%           100%        1
 Summon Small Mammal      Summ           0%           100%        1
 Frozen Ramparts          Ice            0%           100%        3
 Ozocubu's Armour         Ice            0%           100%        3
 Hailstorm                Conj/Ice       0%           100%        4
 Summon Ice Beast         Ice/Summ       0%           100%        4


Dungeon Overview and Level Annotations

Branches:
Dungeon (10/15)            Temple (1/1) D:7            Lair (0/6) D:8
    Orc (0/2) D:9

Altars:
Ashenzari
Cheibriados
Dithmenos
Elyvilon
Fedhas
Gozag
Makhleb
Nemelex Xobeh
Okawaru
Qazlal
Trog
Uskayaw
Wu Jian
Xom
Yredelemnul
Zin
The Shining One

Shops:
D:5 [


Innate Abilities, Weirdness & Mutations

You have a pair of large horns on your head.
You are mostly covered in large bone plates. (SH +6)
Your flesh is cold resistant. (rC+)
You are immune to freezing clouds.


Message History

Your chain mail prevents you from hitting something.
Something hits you. Something bites you but does no damage.
You barely miss something. Something hits you!
* * * LOW HITPOINT WARNING * * *
Something bites you but does no damage.
You barely miss something. You block something's attack.
Something completely misses you.
You hit something but do no damage. You block something's attack. x2
You completely miss something. You headbutt something. Something hits you.
* * * LOW HITPOINT WARNING * * *
Something bites you but does no damage.
You hit something. Something hits you.
* * * LOW HITPOINT WARNING * * *
You block something's attack.
You barely miss something. You headbutt something!
Something hits you but does no damage. Something bites you but does no damage.
You closely miss something. You headbutt something!!
Unholy energy fills the air.
You die...
Your body crumbles into a pile of gold.

#.......#....####.#
#..###....##......#
#......#.###.######
#..#...#.# #.# #...###..#
#.# ####..#####.# #.#
...#..##....###.#
.#..............#####
.#...#.#.#.####.@{..##
####.#....#####.###..#
.#...#........######'######
.#...###.######?..........#
...#.# #.# ##.........##
#.##.# #.# #?.........?#
#.##.###)# ##.........##
.........# #:.........:#
.....##### ##.........##


There were no monsters in sight!

Vanquished Creatures
  A two-headed ogre (D:10)
  A manticore (D:9)
  3 trolls
  Grinder (D:4)
  Sigmund (D:5)
  10 yaks
  2 wargs (D:8)
  Edmund (D:5)
  4 orc warriors
  A sky beast (D:7)
  A necrophage (D:5)
  A phantom (D:4)
  2 black bears (D:8)
  An ice beast (D:6)
  An eye of draining (D:9)
  5 ogres
  4 centaurs
  3 big kobolds (D:9)
  Blork the orc (D:4)
  6 bullfrogs
  2 gnoll sergeants (D:9)
  A scorpion (D:8)
  A water moccasin skeleton (D:5)
  15 wights
  An electric eel (D:7)
  2 howler monkeys (D:9)
  3 bullfrog zombies
  2 hounds
  Crazy Yiuf (D:5)
  7 orc priests
  A bullfrog skeleton (D:4)
  A gnoll shaman (D:10)
  3 jellies
  10 orc wizards
  Jessica (D:2)
  3 iguanas
  Natasha (thrice) (D:3)
  7 worker ants
  A hound zombie (D:7)
  A worker ant zombie (D:10)
  8 adders
  8 gnolls
  3 shadow imps
  5 white imps
  3 ufetubi
  2 oozes (D:1)
  An adder zombie (D:9)
  2 dart slugs (D:1)
  9 leopard geckos
  52 orcs
  A ball python (D:4)
  7 giant cockroaches
  6 hobgoblins
  7 jackals
  5 quokkas
  9 bats
  4 frilled lizards
  12 goblins
  5 kobolds
  A quokka zombie (D:5)
  8 rats
274 creatures vanquished.

Vanquished Creatures (collateral kills)
  An ogre (D:9)
1 creature vanquished.

Vanquished Creatures (others)
  An ogre (D:9)
  An orc (D:9)
  6 plants (D:7)
8 creatures vanquished.

Grand Total: 283 creatures vanquished

Notes
Turn   | Place    | Note
-------+----------+-------------------------------------------
     0 | D:1      | Amaterasu the Demonspawn Gladiator began the quest for the
                  | Orb.
     0 | D:1      | Reached XP level 1. HP: 16/16 MP: 1/1
    91 | D:1      | Reached skill level 3 in Long Blades
   173 | D:1      | Gained mutation: You have a pair of small horns on your
                  | head. [demonic ancestry]
   173 | D:1      | Reached XP level 2. HP: 21/22 MP: 2/2
  1032 | D:1      | Reached XP level 3. HP: 23/28 MP: 3/3
  1724 | D:2      | Reached skill level 4 in Long Blades
  1875 | D:2      | Noticed Jessica
  1877 | D:2      | Killed Jessica
  1878 | D:2      | Gained mutation: You are partially covered in large bone
                  | plates. (SH +4) [demonic ancestry]
  1878 | D:2      | Reached XP level 4. HP: 34/34 MP: 4/4
  2042 | D:2      | Found a snail-covered altar of Cheibriados.
  2723 | D:3      | Gained mutation: Your flesh is cold resistant. (rC+)
                  | [demonic ancestry]
  2723 | D:3      | Reached XP level 5. HP: 38/40 MP: 5/5
  2729 | D:3      | Reached skill level 5 in Long Blades
  2995 | D:3      | Noticed Natasha
  3008 | D:3      | Killed Natasha
  3038 | D:3      | Noticed Natasha
  3046 | D:3      | Killed Natasha
  3219 | D:3      | Noticed Natasha
  3228 | D:3      | Killed Natasha
  3229 | D:3      | Gained mutation: You have a pair of horns on your head.
                  | [demonic ancestry]
  3229 | D:3      | Reached XP level 6. HP: 37/49 MP: 6/6
  3536 | D:4      | Found a glowing silver altar of Zin.
  3770 | D:4      | Noticed Grinder
  3784 | D:4      | Killed Grinder
  3785 | D:4      | Reached skill level 5 in Fighting
  3785 | D:4      | Reached skill level 1 in Armour
  4090 | D:4      | Reached XP level 7. HP: 42/56 MP: 7/7
  4312 | D:4      | Reached skill level 6 in Long Blades
  4394 | D:4      | Noticed Blork the orc
  4417 | D:4      | Killed Blork the orc
  4889 | D:4      | Reached skill level 1 in Shields
  4961 | D:5      | Entered Level 5 of the Dungeon
  5046 | D:5      | Noticed Sigmund
  5055 | D:5      | Killed Sigmund
  5056 | D:5      | Gained mutation: You are immune to freezing clouds.
                  | [demonic ancestry]
  5056 | D:5      | Reached XP level 8. HP: 56/62 MP: 8/8
  5286 | D:5      | Found Nojirghe's Armour Shoppe.
  5464 | D:5      | You fall into a shaft and drop 3 floors!
  5488 | D:8      | Reached skill level 7 in Long Blades
  5749 | D:8      | Found a staircase to the Lair.
  6489 | D:7      | Found a staircase to the Ecumenical Temple.
  6501 | Temple   | Entered the Ecumenical Temple
  6541 | Temple   | Became a worshipper of Gozag Ym Sagoz the Greedy
  6585 | D:7      | Reached skill level 1 in Evocations
  6593 | D:7      | Found a blossoming altar of Fedhas.
  6824 | D:6      | Gained mutation: You are mostly covered in large bone
                  | plates. (SH +6) [demonic ancestry]
  6824 | D:6      | Reached XP level 9. HP: 60/68 MP: 9/9
  6966 | D:6      | Found an iron altar of Okawaru.
  7148 | D:5      | Found a sparkling altar of Nemelex Xobeh.
  7303 | D:5      | Noticed Edmund
  7316 | D:5      | Killed Edmund
  7317 | D:5      | Reached skill level 8 in Long Blades
  7327 | D:5      | Found a runed translucent door.
  7328 | D:5      | Noticed Crazy Yiuf
  7779 | D:5      | Killed Crazy Yiuf
  8219 | D:6      | Found a burning altar of Makhleb.
  9479 | D:7      | Found a shadowy altar of Dithmenos.
 10020 | D:8      | Reached skill level 9 in Long Blades
 10445 | D:9      | Found a shimmering altar of Xom.
 10546 | D:9      | Reached XP level 10. HP: 63/77 MP: 10/10
 10841 | D:9      | Reached skill level 10 in Long Blades
 10960 | D:9      | Found an ornate altar of the Wu Jian Council.
 10960 | D:9      | Found a faded altar of an unknown god.
 10967 | D:9      | Found a hide-covered altar of Uskayaw.
 10969 | D:9      | Found a bloodstained altar of Trog.
 10971 | D:9      | Found a glowing golden altar of the Shining One.
 11000 | D:9      | Found a staircase to the Orcish Mines.
 11457 | D:9      | Noticed a manticore
 11605 | D:9      | Killed a manticore
 12640 | D:10     | Entered Level 10 of the Dungeon
 12671 | D:10     | Reached skill level 5 in Shields
 13179 | D:10     | Reached skill level 5 in Armour
 13448 | D:10     | Gained mutation: You have a pair of large horns on your
                  | head. [demonic ancestry]
 13448 | D:10     | Reached XP level 11. HP: 85/85 MP: 11/11
 13538 | D:10     | Noticed a two-headed ogre
 13546 | D:10     | Killed a two-headed ogre
 13723 | D:10     | Reached skill level 5 in Evocations
 13870 | D:10     | Noticed a vampire mage
 13900 | D:10     | Killed from afar by a vampire mage

Illustrated notes

Levels and vault maps discovered:
D:1:      arrival_zaba_pyramid, layout_basic
D:2:      layout_loops_ring, lemuel_doored_altar, uniq_jessica
D:3:      layout_rooms, st_stairs_8, uniq_natasha
D:4:      layout_gridville, zin_scriptorium, uniq_grinder, uniq_blork_the_orc
D:5:      layout_loops_ring, kennysheep_little_box, serial_shops, shop,
          serial_co_window_serial, co_window_paths_a, co_window_corner_a,
          co_window_paths_b, co_window_paths_a, co_window_of_opportunity_a,
          co_window_corner_b, co_window_2corner, co_window_broadway_b,
          co_window_2corner, uniq_crazy_yiuf_cottage, uniq_sigmund, uniq_edmund
D:6:      layout_cave_pools, overflow_temple_1_default, lemuel_round_altar
D:7:      layout_layer_cave, overflow_temple_1_default, fedhas_ov_isle_minmay,
          minmay_temple_entry_trees, serial_bayou_lake_a
D:8:      layout_basic, erik_lair_orcish_takeover
D:9:      layout_long_grid, chequers_temple_overflow_minitemple,
          kennysheep_orc_monster_closet_entryway, basic_altar,
          kennysheep_generic_room_12
D:10:     layout_loops_ring, minivault_22, minmay_librarian
Temple:   jpeg_temple_clearing

Skill      XL: |  1  2  3  4  5  6  7  8  9 10 11 |
---------------+----------------------------------+-----
Long Blades    | 3 4 5 6 7 9 10 | 10.0
Fighting       | 4 5 6 8 |  8.0
Armour         | 1 2 4 5 |  5.3
Dodging        | 3 4 |  4.7
Shields        | 2 4 6 |  6.7
Evocations     | 1 3 4 5 |  5.0
Throwing       | |  1.7

Action                   |  1- 3 |  4- 6 |  7- 9 | 10-12 || total
-------------------------+-------+-------+-------+-------++-------
Melee: Long sword        |    95 |   130 |   490 |   415 ||  1130
       Headbutt          |    10 |    27 |   115 |   100 ||   252
Evoke: Wand              |       |       |       |     1 ||     1
  Use: Scroll            |     4 |     8 |     9 |     2 ||    23
       Potion            |       |       |     3 |       ||     3
 Stab: Sleeping          |     2 |       |       |       ||     2
       Invisible         |       |       |     1 |       ||     1
Armor: Leather armour    |    32 |       |       |       ||    32
       Ring mail         |       |    32 |     9 |       ||    41
       Skin              |       |       |    16 |       ||    16
       Chain mail        |       |       |    46 |    61 ||   107
Dodge: Dodged            |    65 |    64 |    69 |    45 ||   243
Block: Other             |       |    29 |     6 |       ||    35
       Kite shield       |       |       |   437 |   385 ||   822
       Reflection        |       |       |    12 |    33 ||    45
       Rpst.: Long sword |    25 |    29 |    19 |    10 ||    83
